 Dungeon Crawl Stone Soup version 0.27-a0-1228-gfd60fd639a (webtiles) character file.

Game seed: 12879557991998307814

116 bilbop the Cudgeller (level 4, -5/40 HPs)
             Began as a Minotaur Berserker on June 7, 2021.
             Was a Believer of Trog.
             Slain by an orc
             ... wielding a +0 morningstar
              (8 damage)
             ... on level 3 of the Dungeon.
             The game lasted 00:09:27 (2421 turns).

bilbop the Cudgeller (Minotaur Berserker)           Turns: 2421, Time: 00:09:28

Health: -5/40      AC:  3    Str: 21    XL:     4   Next: 70%
Magic:  3/4        EV: 11    Int:  5    God:    Trog [**....]
Gold:   99         SH:  3    Dex: 10    Spells: 3/3 levels left

rFire    . . .     SeeInvis .   a - +0 mace
rCold    . . .     Faith    .   m - +0 buckler
rNeg     . . .     Spirit   .   q - +0 animal skin
rPois    .         Reflect  .   (helmet restricted)
rElec    .         Harm     .   (no cloak)
rCorr    .         Rampage  .   (no gloves)
Will     .....                  l - +0 pair of boots
Stlth    +.........             (no amulet)
HPRegen  0.13/turn              i - +4 ring of slaying
MPRegen  0.09/turn              (no ring)

@: no status effects
A: horns 2, retaliatory headbutt
a: Renounce Religion, Berserk, Trog's Hand


You were on level 3 of the Dungeon.
You worshipped Trog.
Trog was pleased with you.
You visited 1 branch of the dungeon, and saw 3 of its levels.

You collected 99 gold pieces.

Inventory:

Hand Weapons
 a - a +0 mace (weapon)
 b - a +0 hunting sling
Missiles
 d - 23 bolts
Armour
 l - a +0 pair of boots (worn)
 m - a +0 buckler (worn)
 q - a +0 animal skin (worn)
Jewellery
 i - a +4 ring of slaying (left hand)
Scrolls
 c - a scroll of magic mapping {unknown}
 e - 2 scrolls of summoning {unknown}
 g - a scroll of blinking {unknown}
 j - 3 scrolls of teleportation {unknown}
 k - a scroll of identify {unknown}
 n - a scroll of vulnerability {unknown}
 p - a scroll of enchant armour {unknown}
Potions
 f - 2 potions of curing {unknown}
 h - 2 potions of attraction {unknown}
 o - a potion of might {unknown}


   Skills:
 + Level 4.2 Fighting
 * Level 4.9 Maces & Flails
 + Level 1.2 Slings
 + Level 3.3 Armour
 - Level 2.1 Dodging
 + Level 0.8 Shields
 + Level 1.3 Invocations


You had 3 spell levels left.
You didn't know any spells.
Your spell library was empty.

Dungeon Overview and Level Annotations

Branches:
Dungeon (3/15)

Altars:

Shops:
D:1 *


Innate Abilities, Weirdness & Mutations

You have a pair of horns on your head.
You reflexively headbutt those who attack you in melee.


Message History

You sock the orc!
You kill the orc!
Trog accepts your kill.
An orc comes into view. It is wielding a +0 morningstar.
The orc shouts!
You sock the orc!
You kill the orc!
Trog accepts your kill.
You closely miss something. Something hits you.
You hit something.
You hear some strange, mumbled words.
You are confused.
You are too confused!
You are too confused!
You are too confused!
You are too confused!
There are monsters nearby!
You closely miss something. Something hits you but does no damage.
You are too confused!
You are too confused!
You hear some strange, mumbled words.
A puff of flame appears from out of thin air!
The puff of flame hits you! The orc closely misses you.
You're too confused to move!
You feel less confused. Something hits you. The orc closely misses you.
You closely miss something. You headbutt something. Something hits you.
The quokka closely misses you. The orc hits you with a +0 morningstar.
Something hits you.
You closely miss something. You headbutt something! Trog accepts your kill.
Trog appreciates your killing of a magic user.
Reactivating autopickup.
You feel a bit more experienced.
The quokka bites you but does no damage.
The orc hits you with a +0 morningstar!
* * * LOW HITPOINT WARNING * * *
The quokka closely misses you.
You closely miss the orc. The orc hits you with a +0 morningstar!
You die...

....#....###.......
..........#....... .#####
.........#####...
......###........### #...
............|..#...####..
............###...#.....
#........#...........
#.)o)r..............#
#...@...............#
.........##.............
#.........##.............
#..........#.............
#..........#....###......
#####......#....# #......
#......###### #......
######## #...... #######


You could see an orc and a quokka.

Vanquished Creatures
  An orc wizard (D:3)
  2 adders
  2 worms (D:2)
  2 dart slugs
  10 orcs (D:3)
  6 endoplasms (D:1)
  A giant cockroach (D:1)
  7 goblins
  2 hobgoblins (D:2)
  2 kobolds (D:3)
  3 quokkas
  5 ball pythons
  3 bats (D:2)
  5 frilled lizards
51 creatures vanquished.

Notes
Turn   | Place    | Note
-------+----------+-------------------------------------------
     0 | D:1      | bilbop the Minotaur Berserker began the quest for the Orb.
     0 | D:1      | Reached XP level 1. HP: 19/19 MP: 0/0
   302 | D:1      | Reached XP level 2. HP: 13/27 MP: 1/1
   454 | D:1      | Found Bidebo's Assorted Antiques.
   476 | D:1      | Found a faded altar of an unknown god.
  1423 | D:2      | Reached XP level 3. HP: 33/33 MP: 2/2
  1456 | D:2      | Reached skill level 1 in Invocations
  1728 | D:2      | Reached ** piety under Trog
  2127 | D:3      | Reached skill level 1 in Slings
  2128 | D:3      | Reached XP level 4. HP: 39/40 MP: 3/3
  2421 | D:3      | Slain by an orc

Illustrated notes

Levels and vault maps discovered:
D:1:      psy_arrival_spokes, layout_basic,
          hellmonk_ecumenical_altar_heavens_door, serial_shops, shop
D:2:      layout_loops_ring
D:3:      layout_basic

Skill      XL: |  1  2  3 |
---------------+----------+-----
Maces & Flails | 4 |  4.9
Invocations    | 1 |  1.3
Fighting       | 4 |  4.2
Armour         | 3 |  3.3
Slings         | 1 |  1.2
Dodging        | |  2.1
Shields        | |  0.8

Action                   |  1- 3 |  4- 6 || total
-------------------------+-------+-------++-------
Melee: Mace              |    62 |    24 ||    86
       Headbutt          |     5 |     5 ||    10
Armor: Animal skin       |    15 |     5 ||    20
Dodge: Dodged            |    28 |     8 ||    36
Block: Buckler           |     1 |       ||     1

Table legend: (Time is in decaauts)
 A = Elapsed time spent in this place.
 B = Non-inter-level travel time spent in this place.
 C = Inter-level travel time spent in this place.
 D = Time resting spent in this place.
 E = Time spent auto-exploring this place.
 F = Levels seen in this place.
 G = Mean time per level.
                   A        B        C        D        E       F      G
               +--------+--------+--------+--------+--------+-----+--------+
         Total |   2437 |   2343 |     94 |    358 |   1700 |   3 |  812.3 |
       Dungeon |   2437 |   2343 |     94 |    358 |   1700 |   3 |  812.3 |
               +--------+--------+--------+--------+--------+-----+--------+

Top non-repeatable levels by time:
     D:1: 1379 daAuts
     D:2: 731 daAuts
     D:3: 326 daAuts
